cohdb
Replays
Latest Replays
All Replays
Popular Replays
Top Player Replays
Match Explorer
How It Works
Community
CoH3 Stats
Reddit
Sign in to upload your games and track your stats! →
Sign in with Steam
Match 44127517
Unlisted
Match 44127517
Overview
Messages
Build Orders
End
Scout Squad
Construct Barracks
Selects Heavy Weapons
Riflemen Squad
Riflemen Squad
Infantry Support Center
Construct Weapon Support Center
Riflemen Squad
Selects Assault Carriers
M3 Assault Carrier
Grenade Package
Construct Medical Station
M1 Mortar Team
M3 Assault Carrier
M3 Assault Carrier
M1919 Machine Gun Team
Selects Exchangeable Parts
Selects M2HB .50cal Heavy Machine Gun
Engineer Squad
aaaJJ
Brother
0
0
Comments
sign in to comment!
No comments posted yet!